 Dungeon Crawl Stone Soup version 0.27.1-33-g824d729ab1 (webtiles) character file.

Game seed: 16219241734482357605

52 SensoryNuts the Shield-Bearer (level 3, -1/23 HPs)
             Began as a Gargoyle Fighter on Dec 11, 2021.
             Slain by a gnoll (2 damage)
             ... on level 2 of the Dungeon.
             The game lasted 00:01:24 (1383 turns).

SensoryNuts the Shield-Bearer (Gargoyle Fighter)    Turns: 1383, Time: 00:01:25

Health: -1/23      AC: 10    Str: 20    XL:     3   Next: 85%
Magic:  3/3        EV:  7    Int:  8    God:
Gold:   57         SH:  9    Dex:  9    Spells: 2/2 levels left

rFire    . . .     SeeInvis .   j - +2 short sword (flame)
rCold    . . .     Faith    .   c - +0 kite shield
rNeg     + . .     Spirit   .   b - +0 scale mail
rPois    ∞         Reflect  .   (no helmet)
rElec    +         Harm     .   (no cloak)
rCorr    .         Rampage  .   (no gloves)
Will     .....                  (no boots)
Stlth    ..........             (no amulet)
HPRegen  0.07/turn              (no ring)
MPRegen  0.08/turn              (no ring)

@: mighty
A: sickness immunity, AC +3, negative energy resistance 1, electricity
resistance, torment resistance 1, petrification resistance
a: no special abilities


You were on level 2 of the Dungeon.
You visited 1 branch of the dungeon, and saw 2 of its levels.

You collected 57 gold pieces.

Inventory:

Hand Weapons
 a - a +0 long sword
 g - a +0 hunting sling
 j - a +2 short sword of flaming (weapon)
Armour
 b - a +0 scale mail (worn)
 c - a +0 kite shield (worn)
Scrolls
 h - 2 scrolls of identify {unknown}
Potions
 e - a potion of experience {unknown}
 f - 2 potions of flight {unknown}
 i - a potion of invisibility {unknown}
 k - a potion of curing {unknown}


   Skills:
 + Level 3.6 Fighting
 + Level 2.1 Long Blades
 + Level 3.7 Armour
 + Level 1.0 Dodging
 + Level 3.8 Shields


You had 2 spell levels left.
You didn't know any spells.
Your spell library contained the following spells:

 Spells                   Type           Power      Damage    Failure   Level
 Animate Skeleton         Necr           0%         N/A       99%         1
 Apportation              Tloc           0%         N/A       99%         1
 Corona                   Hex            0%         N/A       99%         1
 Summon Small Mammal      Summ           0%         N/A       99%         1


Dungeon Overview and Level Annotations

Branches:
Dungeon (2/15)

Altars:


Innate Abilities, Weirdness & Mutations

You are immune to sickness and miasma.
Your stone body is resilient. (AC +3)
You are immune to poison.
You resist negative energy. (rN+)
You are resistant to electric shocks. (rElec)
You are resistant to unholy torment.
You are immune to petrification.


Message History

A jackal comes into view.
You block the gnoll's attack.
A jackal comes into view.
You block the gnoll's attack. x2
You closely miss the gnoll.
The gnoll is severely wounded.
The jackal barks! x2; You hear a shout!
The gnoll hits you with a +0 spear. You block the gnoll's attack.
You barely miss the gnoll.
The gnoll is severely wounded.
You block the gnoll's attack. x2
You hit the gnoll. You burn the gnoll.
The gnoll is severely wounded.
You block the gnoll's attack. The gnoll hits you with a +0 halberd!
* * * LOW HITPOINT WARNING * * *
You are too injured to fight recklessly!
You are too injured to fight recklessly!
You are too injured to fight recklessly!
You are too injured to fight recklessly!
You are too injured to fight recklessly!
You are too injured to fight recklessly!
You are too injured to fight recklessly!
You are too injured to fight recklessly!
You are too injured to fight recklessly!
You are too injured to fight recklessly!
You are too injured to fight recklessly!
You feel very mighty all of a sudden. The gnoll hits you but does no damage.
You block the gnoll's attack. The gnoll hits you but does no damage.
The gnoll closely misses you. The gnoll hits you but does no damage.
The gnoll barely misses you.
You completely miss the gnoll. The gnoll hits you but does no damage.
You block the gnoll's attack. The gnoll hits you with a +0 spear.
* * * LOW HITPOINT WARNING * * *
You puncture the gnoll! You burn the gnoll.
The gnoll is almost dead.
You block the gnoll's attack. x2
The gnoll hits you from afar with a +0 halberd.
* * * LOW HITPOINT WARNING * * *
The gnoll hits you from afar with a +0 spear.
You die...

#...##.#.......# .
.......#......##
...#.#.........# ##
(....##.#......# ..
##.####.#......##.#
#.# ..#.......#.#
..# ####.....#.#.#
...# #.......#.##
... ####+##.@..#
#.#..# #g####
#.g.)# ####g#
#.h...... .........
###....... .......


You could see a gnoll.

Vanquished Creatures
  A gnoll (D:2)
  4 dart slugs
  A ball python (D:2)
  2 bats (D:1)
  2 endoplasms (D:1)
  3 giant cockroaches (D:1)
  4 goblins
  A hobgoblin (D:1)
  3 jackals (D:1)
  A quokka (D:1)
  2 frilled lizards (D:1)
  4 kobolds
  3 rats (D:1)
31 creatures vanquished.

Notes
Turn   | Place    | Note
-------+----------+-------------------------------------------
     0 | D:1      | SensoryNuts the Gargoyle Fighter began the quest for the
                  | Orb.
     0 | D:1      | Reached XP level 1. HP: 14/14 MP: 1/1
   122 | D:1      | Reached XP level 2. HP: 16/19 MP: 2/2
   218 | D:1      | Found a faded altar of an unknown god.
   683 | D:1      | Reached XP level 3. HP: 21/23 MP: 3/3
  1369 | D:2      | Reached skill level 1 in Dodging
  1382 | D:2      | HP: 1/23 [gnoll (5)]
  1383 | D:2      | Slain by a gnoll

Illustrated notes

Levels and vault maps discovered:
D:1:      lightli_molten_gateway, layout_basic,
          chequers_ecumenical_altar_island, minmay_tromino_v2
D:2:      minmay_chambers_of_ones, layout_basic, uniq_natasha

Skill      XL: |  1  2  3 |
---------------+----------+-----
Long Blades    | 2 |  2.1
Dodging        | 1 |  1.0
Fighting       | |  3.6
Armour         | |  3.7
Shields        | |  3.8

Action                   || total
-------------------------++-------
Melee: Long sword        ||    94
       Short sword       ||    12
  Use: Potion            ||     1
Armor: Scale mail        ||    71
Dodge: Dodged            ||    40
Block: Kite shield       ||    71
       Rpst.: Long sword ||    10
